 Dungeon Crawl Stone Soup version 0.30-a0-137-gd8773701ce (webtiles) character file.

Game seed: 16172086115978174826

3235 jt the Skirmisher (level 9, -6/65 HPs)
             Began as a Naga Hunter on Sept 22, 2022.
             Was a Follower of Hepliaklqana.
             Mangled by a bullfrog (7 damage)
             ... on level 8 of the Dungeon.
             The game lasted 00:18:34 (7403 turns).

jt the Skirmisher (Naga Hunter)                     Turns: 7403, Time: 00:18:35

Health: -6/65      AC:  8    Str: 13    XL:     9   Next: 98%
Magic:  9/9        EV:  9    Int: 10    God:    Hepliaklqana [*.....]
Gold:   290        SH:  5    Dex: 19    Spells: 8/8 levels left

rFire   . . .      SeeInvis +    a - +0 shortbow
rCold   + . .      Faith    .    (shield currently unavailable)
rNeg    + . .      Spirit   .    s - +3 leather armour {rPois}
rPois   +          Reflect  +    (no helmet)
rElec   .          Harm     .    D - +0 cloak
rCorr   .          Rampage  .    (no gloves)
Will    +....                    (no barding)
Stlth   ++........               k - amulet of reflection
HPRegen 0.20/turn                f - ring of positive energy
MPRegen 0.11/turn                u - ring of protection from cold

@: mighty, hasted, quick
A: reduced essence, AC +3, large, see invisible, deformed body, poison
resistance, slowness 2, spit poison 1, naga tail 1
a: Spit Poison, Renounce Religion, Recall Ancestor, Ancestor Identity


You were on level 8 of the Dungeon.
You worshipped Hepliaklqana.
Hepliaklqana was aware of your devotion.
You visited 2 branches of the dungeon, and saw 9 of its levels.

You collected 290 gold pieces.

Inventory:

Hand Weapons
 a - a +0 shortbow (weapon)
 e - a +0 whip of freezing
 g - a +0 mace
 h - a +0 hand axe
 j - a +3 whip of distortion
 l - a +0 trident
 A - a +0 war axe
 I - a +2 spear of flaming
Missiles
 m - 40 stones
 v - 6 curare-tipped darts
 B - 4 javelins
 J - 4 poisoned darts
Armour
 s - a +3 leather armour of poison resistance (worn)
 D - a +0 cloak (worn)
Magical Staves
 t - a staff of cold
 y - a staff of poison
Jewellery
 c - a ring of ice
 f - a ring of positive energy (left hand)
 k - an amulet of reflection (around neck)
 r - a +6 ring of intelligence
 u - a ring of protection from cold (right hand)
 w - an amulet of the acrobat
 x - a ring of wizardry
 L - a +6 ring of strength
 N - the ring "Ymaromuyca" {rN+ MP+9}
   (You took it off a wight on level 8 of the Dungeon)

   [ring of magical power]

   rN:        It protects you from negative energy.
   MP:        It affects your magic capacity (+9).
Wands
 o - a wand of flame (29)
 p - a wand of paralysis (16)
 O - a wand of quicksilver (1)
Scrolls
 b - 3 scrolls of immolation
 d - 4 scrolls of fog
 i - a scroll of blinking
 F - a scroll of amnesia
 H - a scroll of fear
 M - a scroll of enchant armour
Potions
 q - 3 potions of curing
 z - 3 potions of might
 C - 2 potions of brilliance
 E - a potion of mutation
 G - a potion of resistance
 K - a potion of magic


   Skills:
 - Level 2.0 Fighting
 + Level 12.8 Ranged Weapons
 - Level 1.5 Dodging
 + Level 2.0 Stealth
 + Level 2.1 Evocations


You had 8 spell levels left.
You didn't know any spells.
Your spell library contained the following spells:

 Spells                   Type           Power      Damage    Failure   Level
 Magic Dart               Conj           0%         1d3       43%         1
 Searing Ray              Conj           0%         2d4       58%         2
 Ozocubu's Armour         Ice            0%         N/A       82%         3
 Fulminant Prism          Conj/Hex       0%         3d6       99%         4
 Metabolic Englaciation   Hex/Ice        0%         N/A       100%        5
 Simulacrum               Ice/Necr       0%         N/A       100%        6


Dungeon Overview and Level Annotations

Branches:
Dungeon (8/15)             Temple (1/1) D:5
   Lair: D:8-11

Altars:
Ashenzari
Cheibriados
Dithmenos
Elyvilon
Fedhas
Gozag
Hepliaklqana
Kikubaaqudgha
Makhleb
Nemelex Xobeh
Okawaru
Qazlal
Ru
Sif Muna
Trog
Uskayaw
Vehumet
Wu Jian
Xom
Yredelemnul
Zin
The Shining One


Innate Abilities, Weirdness & Mutations

Your life essence is reduced to manifest your ancestor. (-10% HP)
Your serpentine skin is tough. (AC +3)
You have supernaturally acute eyesight. (SInv)
Armour fits poorly on your strangely shaped body.
Your system is resistant to poisons. (rPois)
You cover ground very slowly.
You can spit poison.
You have a snake-like lower body.


Message History

The bullfrog seems to regain its courage.
The bullfrog hits you but does no damage. x2
The eight-headed hydra attacks as you move away!
You block the eight-headed hydra's attack.
The eight-headed hydra bites you but does no damage.
The eight-headed hydra bites you.
The eight-headed hydra bites you but does no damage.
You block the eight-headed hydra's attack.
The eight-headed hydra bites you.
The eight-headed hydra barely misses you.
The eight-headed hydra bites you but does no damage.
Fire: a) +0 shortbow
Press: ? - help, Q - select action, (/) - cycle Shift-Dir - straight line, f/p - eight-headed hydra
Aim: an eight-headed hydra (moderately wounded, 83% to hit)
You shoot an arrow. The arrow barely misses the bullfrog.
The arrow hits the eight-headed hydra!
The eight-headed hydra is heavily wounded.
The bullfrog hits you but does no damage.
Fire: a) +0 shortbow
Press: ? - help, Q - select action, (/) - cycle Shift-Dir - straight line, f/p - eight-headed hydra
Aim: an eight-headed hydra (heavily wounded, 83% to hit)
You shoot an arrow. The arrow hits the eight-headed hydra!
The eight-headed hydra is severely wounded.
The bullfrog hits you but does no damage.
Fire: a) +0 shortbow
Press: ? - help, Q - select action, (/) - cycle Shift-Dir - straight line, f/p - eight-headed hydra
Aim: an eight-headed hydra (severely wounded, 83% to hit)
You shoot an arrow. The arrow hits the eight-headed hydra!
The eight-headed hydra is almost dead.
The eight-headed hydra bites you. The eight-headed hydra bites you!
The eight-headed hydra barely misses you.
The eight-headed hydra bites you but does no damage.
The eight-headed hydra bites you.
You block the eight-headed hydra's attack.
The eight-headed hydra bites you.
* * * LOW HITPOINT WARNING * * *
The eight-headed hydra bites you!
* * * LOW HITPOINT WARNING * * *
The bullfrog hits you!
You die...

....##.#####.)........##
...............)........
...................##..
......#.....#.##.#....#.
......#...).#<#.........
...........####..D[)[...
.................#.<....
##....DF#.#.#######..###
#......@..#... #†..#
#.##....###.... #.....
###... ....# ###)##
..### ###... .) ..# #..
#). ..# .) ###


You could see an eight-headed hydra and a bullfrog.

Vanquished Creatures
  Pikel (D:6)
  A black mamba (shapeshifter) (D:8)
  Grinder (D:4)
  Sigmund (D:3)
  A wyvern (D:7)
  A wraith (D:7)
  Eustachio (D:5)
  2 water moccasins
  A sky beast (D:6)
  An ice beast (D:5)
  An ogre (D:4)
  A centaur (D:6)
  2 lemures (D:6)
  2 kobold brigands
  A necrophage (D:6)
  2 bullfrogs (D:8)
  2 scorpions (D:5)
  A wight (D:8)
  Dowan (D:7)
  A howler monkey (D:8)
  3 hounds
  2 orc priests
  A jelly (D:6)
  An iguana (D:6)
  An orc wizard (D:4)
  7 gnolls (D:5)
  12 adders
  3 shadow imps
  2 white imps
  An ufetubus (D:6)
  3 worms
  13 orcs
  5 ball pythons
  3 bats
  7 endoplasms
  2 giant cockroaches
  6 goblins
  9 hobgoblins
  11 jackals
  13 kobolds
  3 quokkas
  2 frilled lizards
  5 rats
  A spectral hobgoblin (D:2)
141 creatures vanquished.

Vanquished Creatures (collateral kills)
  2 orcs (D:8)
  4 kobolds (D:8)
6 creatures vanquished.

Vanquished Creatures (others)
  3 ancestors
  21 plants (D:2)
24 creatures vanquished.

Grand Total: 171 creatures vanquished

Notes
Turn   | Place    | Note
-------+----------+-------------------------------------------
     0 | D:1      | jt the Naga Hunter began the quest for the Orb.
     0 | D:1      | Reached XP level 1. HP: 19/19 MP: 1/1
   197 | D:1      | Reached skill level 4 in Ranged Weapons
   197 | D:1      | Reached XP level 2. HP: 26/26 MP: 2/2
   757 | D:1      | Reached XP level 3. HP: 32/32 MP: 3/3
  1746 | D:2      | Found a faded altar of an unknown god.
  2267 | D:2      | Reached skill level 5 in Ranged Weapons
  2293 | D:2      | Reached XP level 4. HP: 39/39 MP: 4/4
  2546 | D:3      | Noticed Sigmund
  2934 | D:3      | Killed Sigmund
  2935 | D:3      | Reached skill level 6 in Ranged Weapons
  2935 | D:3      | Reached XP level 5. HP: 22/45 MP: 5/5
  2935 | D:3      | Reached XP level 6. HP: 25/52 MP: 6/6
  3499 | D:4      | Reached skill level 7 in Ranged Weapons
  3936 | D:4      | Reached XP level 7. HP: 33/60 MP: 7/7
  4289 | D:4      | Noticed Grinder
  4306 | D:4      | Paralysed by Grinder for 2 turns
  4310 | D:4      | Killed Grinder
  4311 | D:4      | Reached skill level 8 in Ranged Weapons
  4667 | D:5      | Entered Level 5 of the Dungeon
  4688 | D:5      | Found a broken altar of Ashenzari.
  4747 | D:5      | Reached skill level 1 in Evocations
  4766 | D:5      | Found a staircase to the Ecumenical Temple.
  4790 | Temple   | Entered the Ecumenical Temple
  4902 | Temple   | Became a worshipper of Hepliaklqana the Forgotten
  4949 | D:5      | Noticed Eustachio
  5006 | D:5      | Killed Eustachio
  5007 | D:5      | Reached skill level 9 in Ranged Weapons
  5007 | D:5      | Reached XP level 8. HP: 30/67 MP: 8/8
  5266 | D:5      | Found a basalt altar of Yredelemnul.
  5267 | D:5      | Found a shadowy altar of Dithmenos.
  6047 | D:6      | Reached skill level 10 in Ranged Weapons
  6339 | D:6      | Noticed Pikel
  6388 | D:6      | Killed Pikel
  6389 | D:6      | Reached skill level 11 in Ranged Weapons
  6389 | D:6      | Reached XP level 9. HP: 32/73 MP: 9/9
  6665 | D:6      | Reached * piety under Hepliaklqana
  7049 | D:7      | Noticed Dowan
  7066 | D:7      | Killed Dowan
  7074 | D:7      | Reached skill level 12 in Ranged Weapons
  7233 | D:8      | Noticed a black mamba
  7240 | D:8      | Killed a black mamba
  7265 | D:8      | Noticed an eight-headed hydra
  7379 | D:8      | Identified the ring "Ymaromuyca" {rN+ MP+9}
  7403 | D:8      | HP: 1/65 [eight-headed hydra (14)]
  7403 | D:8      | Mangled by a bullfrog

Illustrated notes

Levels and vault maps discovered:
D:1:      dpeg_arrival_radiant, layout_basic
D:2:      layout_basic, dreamdust_ecumenical_altar_drowned_temple,
          kennysheep_small_spiral, hex_large, corexii_item_surrounded_by_moat,
          reono_crystal_passage, serial_bayou_lagoon_b
D:3:      layout_loops_cross, uniq_sigmund
D:4:      layout_loops_cross, kennysheep_diamond, uniq_grinder
D:5:      layout_layer_cave, mainiacjoe_overflow_small_starburst,
          mainiacjoe_overflow_divided_tiny, minmay_temple_entry_mini_moons,
          kennysheep_generic_room_3, uniq_eustachio
D:6:      layout_rooms, uniq_pikel
D:7:      layout_loops_ring, kennysheep_generic_room_15, uniq_duvessa,
          uniq_menkaure
D:8:      minmay_the_grid_octo_tiled_squarecenter [minmay_the_grid_octo_chip,
          minmay_the_grid_octo_checkered, minmay_the_grid_octo_77,
          minmay_the_grid_octo_clover,
          minmay_the_grid_square_5x5_megaprize_crossed,
          minmay_the_grid_square_5x5_empty, minmay_the_grid_square_5x5_inner_i,
          minmay_the_grid_square_5x5_two_walls_a,
          minmay_the_grid_square_5x5_comb], layout_basic,
          erik_lair_orcish_takeover, corexii_leaking_fountain
Temple:   compressed_dpeg_triangle_lava_temple

Skill      XL: |  1  2  3  4  5  6  7  8  9 |
---------------+----------------------------+-----
Ranged Weapons | 4 5 6 7 9 11 12 | 12.8
Evocations     | 2 |  2.1
Stealth        | 2 |  2.0
Fighting       | |  2.0
Dodging        | |  1.5

Action                   |  1- 3 |  4- 6 |  7- 9 || total
-------------------------+-------+-------+-------++-------
 Fire: Shortbow          |   111 |    96 |   385 ||   592
Invok: Ancestor Identity |       |       |     1 ||     1
 Abil: Spit Poison       |    16 |     8 |     9 ||    33
Evoke: Wand              |       |       |     5 ||     5
  Use: Scroll            |       |     8 |     9 ||    17
       Potion            |       |     2 |     6 ||     8
Armor: Leather armour    |    22 |    13 |    65 ||   100
Dodge: Dodged            |    40 |    17 |    90 ||   147
Block: Other             |    16 |    10 |    42 ||    68
       Reflection        |       |       |     2 ||     2

Table legend: (Time is in decaauts)
 A = Elapsed time spent in this place.
 B = Non-inter-level travel time spent in this place.
 C = Inter-level travel time spent in this place.
 D = Time resting spent in this place.
 E = Time spent auto-exploring this place.
 F = Levels seen in this place.
 G = Mean time per level.
                   A        B        C        D        E       F      G
               +--------+--------+--------+--------+--------+-----+--------+
         Total |   9111 |   8798 |    313 |   2368 |   4217 |   9 | 1012.3 |
       Dungeon |   8947 |   8634 |    313 |   2329 |   4217 |   8 | 1118.4 |
        Temple |    163 |    163 |      0 |     39 |      0 |   1 |  163.0 |
               +--------+--------+--------+--------+--------+-----+--------+

Top non-repeatable levels by time:
     D:1: 1764 daAuts
     D:2: 1472 daAuts
     D:5: 1468 daAuts
     D:4: 1459 daAuts
     D:3: 1095 daAuts
     D:6: 1043 daAuts
     D:7: 431 daAuts
     D:8: 211 daAuts
  Temple: 163 daAuts
